cohdb
Replays
Latest Replays
All Replays
Popular Replays
Top Player Replays
Match Explorer
How It Works
Community
CoH3 Stats
Reddit
Sign in to upload your games and track your stats! →
Sign in with Steam
Match 41220561
Unlisted
Match 41220561
Overview
Messages
Build Orders
End
Kettenkrad Recon Vehicle
Selects Terror Battlegroup
Selects Machine Gun Camouflage
Construct Infanterie Kompanie
MG 42 Machine Gun Team
MG 42 Machine Gun Team
Construct Panzergrenadier Kompanie
Panzergrenadier Squad
Selects Contempt for the Weak
Panzergrenadier Squad
Panzergrenadier Officer Quarters
Medical Station
Panzergrenadier Squad
Pak 40 Anti-tank Gun Team
Support Elements
Nebelwerfer 42 Rocket Launcher Team
Selects No Quarter
Pak 40 Anti-tank Gun Team
Construct Panzer Kompanie
Side Skirts
Panzer IV Medium Tank
Panzer IV Medium Tank
Selects Propaganda Leaflet Drop
Selects V1 Rocket Strike
Propaganda Leaflet Drop
V1 Rocket Strike
Panzer IV Medium Tank
Panzergrenadier Squad
Propaganda Leaflet Drop
Pak 40 Anti-tank Gun Team
V1 Rocket Strike
Disarmed
Unsafe
ol' Tony
Young_Charles
0
0
Comments
sign in to comment!
No comments posted yet!